 Dungeon Crawl Stone Soup version 0.25.0-11-g1f837a76a1 (webtiles) character file.

Game seed: 17348026699990719113

252 Esekla the Chopper (level 5, -6/49 HPs)
             Began as a Deep Dwarf Chaos Knight on June 26, 2020.
             Was a Follower of Sif Muna.
             Mangled by a bullfrog (11 damage)
             ... on level 6 of the Dungeon.
             The game lasted 00:06:26 (1043 turns).

Esekla the Chopper (Deep Dwarf Chaos Knight)        Turns: 1043, Time: 00:06:27

Health: -6/49      AC:  5    Str: 16    XL:     5   Next: 89%
Magic:  5/5        EV: 12    Int: 13    God:    Sif Muna [*.....]
Gold:   90         SH:  0    Dex: 12    Spells: 6/6 levels left

rFire    . . .     SeeInvis .   a - +0 hand axe (chaos)
rCold    . . .     Gourm    .   (no shield)
rNeg     . . .     Faith    .   b - +2 leather armour
rPois    .         Spirit   .   (no helmet)
rElec    .         Reflect  .   (no cloak)
rCorr    .         Harm     .   (no gloves)
MR       .....                  (no boots)
Stlth    +.........             (no amulet)
HPRegen  0.00/turn              (no ring)
MPRegen  0.09/turn              (no ring)

@: non-regenerating
A: damage resistance, heal wounds, sense surroundings 1, no regeneration
a: Heal Wounds, Channel Magic, Renounce Religion


You were on level 6 of the Dungeon.
You worshipped Sif Muna.
Sif Muna was aware of your devotion.
You were hungry.

You visited 1 branch of the dungeon, and saw 6 of its levels.

You collected 90 gold pieces.

Inventory:

Hand Weapons
 a - a +0 hand axe of chaos (weapon)
 n - a +2 dagger of venom
Armour
 b - a +2 leather armour (worn)
Scrolls
 d - a scroll of remove curse {unknown}
 e - a scroll of blinking {unknown}
 f - a scroll of identify {unknown}
 h - a scroll of teleportation {unknown}
 i - a scroll of immolation {unknown}
 o - 2 scrolls of enchant armour {unknown}
Potions
 g - 3 potions of curing {unknown}
 j - a potion of resistance {unknown}
 k - 2 potions of lignification {unknown}
 m - a potion of cancellation {unknown}
Comestibles
 c - 4 rations


   Skills:
 + Level 3.3 Fighting
 * Level 5.4 Axes
 * Level 3.5 Armour
 * Level 2.2 Dodging
 + Level 0.3 Stealth
 * Level 1.2 Spellcasting


You had 6 spell levels left.
You didn't know any spells.
Your spell library was empty.

Dungeon Overview and Level Annotations

Branches:
Dungeon (6/15)
 Temple: D:4-7

Altars:
Dithmenos
Hepliaklqana
Sif Muna
The Shining One


Innate Abilities, Weirdness & Mutations

You are resistant to damage.
You can heal yourself by infusing magical energy.
You passively map a small area around you.
You do not regenerate.


Message History

You freeze something. Something hits you.
The orc wizard hits you but does no damage.
Something barely misses you. Something hits you but does no damage.
You closely miss something. You barely miss something.
You closely miss the orc wizard.
The orc wizard gestures wildly while chanting.
The orc wizard seems to speed up.
Something hits you but does no damage. Something hits you.
You miss something. x2; You closely miss the orc wizard.
The orc wizard closely misses you. Something hits you. Something hits you!
* * * LOW HITPOINT WARNING * * *
The orc wizard hits you with a +0 dagger.
* * * LOW HITPOINT WARNING * * *
Something hits you but does no damage.
You closely miss the orc wizard.
The orc wizard is moderately wounded.
You closely miss something. You barely miss something.
The orc wizard misses you. Something hits you. Something hits you!
You die...
Xom roars with laughter!

*#.# * , , * * #.#.#
≈ ≈ #.#.# * ≈ ≈
?##.###<#.#* ≈≈ ≈* *
..........###*###*
###.###.#.......# **
≈ ###.###.#.####..#
...........###{.#####
###.......Zs{@oo.....
######...####.#####
#...# * # , #...# * *
* * *#...# ....# * *
##.#.# * #.#.# , * ,
#. .# ,, ,


You could see an orc wizard (fast, poisoned), an orc, a jackal zombie and a
giant cockroach.

Vanquished Creatures
  Menkaure (D:5)
  An ogre (D:3)
  2 adders (D:3)
  A worm (D:3)
  A dart slug (D:2)
  An orc (D:6)
  A giant cockroach (D:3)
  3 hobgoblins
  2 bats
  2 frilled lizards (D:2)
  6 goblins
  6 kobolds
  2 rats
29 creatures vanquished.

Notes
Turn   | Place    | Note
-------+----------+-------------------------------------------
     0 | D:1      | Esekla the Deep Dwarf Chaos Knight began the quest for the
                  | Orb.
     0 | D:1      | Reached XP level 1. HP: 20/20 MP: 1/1
    30 | D:1      | XOM: divination: detect creatures
   347 | D:1      | XOM: silly message
   509 | D:1      | You fall into a shaft and drop 1 floor!
   549 | D:2      | Reached XP level 2. HP: 21/28 MP: 2/2
   575 | D:3      | Noticed an ogre
   580 | D:3      | XOM: potion effect (brilliance)
   705 | D:2      | Found a glowing golden altar of the Shining One.
   766 | D:3      | XOM: divination: detect creatures
   768 | D:3      | Noticed a shadow
   770 | D:3      | Found a shadowy altar of Dithmenos.
   773 | D:3      | Found a hazy altar of Hepliaklqana.
   774 | D:3      | XOM: butterfly on damage
   775 | D:3      | Killed an ogre
   775 | D:3      | Reached skill level 4 in Axes
   775 | D:3      | Reached XP level 3. HP: 17/34 MP: 1/3
   775 | D:3      | Reached XP level 4. HP: 21/42 MP: 1/4
   860 | D:3      | Found a faded altar of an unknown god.
   870 | D:3      | Fell from the grace of Xom
   870 | D:3      | Became a worshipper of Sif Muna the Loreminder
   870 | D:3      | Reached * piety under Sif Muna
   933 | D:3      | Reached skill level 1 in Spellcasting
   975 | D:5      | Entered Level 5 of the Dungeon
   985 | D:5      | Noticed Menkaure
   991 | D:5      | Killed Menkaure
   991 | D:5      | Reached skill level 5 in Axes
   991 | D:5      | Reached XP level 5. HP: 22/49 MP: 5/5
  1043 | D:6      | Mangled by a bullfrog

Illustrated notes

Levels and vault maps discovered:
D:1:      minmay_arrival_doors, layout_basic
D:2:      layout_basic, chequers_temple_overflow_statue_of_worship,
          nicolae_tso_swordbearing_angel, first_ration, uniq_crazy_yiuf_cottage,
          uniq_robin
D:3:      layout_rooms, riverfiend_overflow_shadow_ancestor,
          lemuel_coloured_pillars_altar, chequers_ecumenical_altar_simple_redux
D:4:      layout_gridville, cheibriados_altar_1
D:5:      layout_loops_ring, eat_drink_and_be_merry_uskayaw,
          kennysheep_vampire_church, hangedman_decor_riveting, uniq_grinder,
          uniq_menkaure
D:6:      layout_loops_ring, kennysheep_mini_moat, led_sif_pool, temple_pool_b,
          serial_shops, nicolae_shop_stone,
          nicolae_shop_temple_entry_statues_fountains, shop, shop,
          minmay_misc_feat_encased

Skill      XL: |  1  2  3  4 |
---------------+-------------+-----
Fighting       | 3 |  3.3
Axes           | 4 5 |  5.4
Armour         | 3 |  3.5
Spellcasting   | 1 |  1.2
Dodging        | 2 |  2.2
Stealth        | |  0.3

Action                   |  1- 3 |  4- 6 || total
-------------------------+-------+-------++-------
Melee: Hand axe          |    48 |    47 ||    95
 Abil: Heal Wounds       |     1 |     3 ||     4
Armor: Leather armour    |    14 |    32 ||    46
Dodge: Dodged            |    31 |    41 ||    72
